 Dungeon Crawl Stone Soup version 0.30-a0-40-gc6d0f036a7 (webtiles) character file.

Game seed: 10685323813932344750

406 ytrimaz the Insei (level 6, -1/38 HPs)
             Began as an Octopode Transmuter on Aug 29, 2022.
             Killed by divine providence
             ... invoked by an orc priest
              (13 damage)
             ... on level 4 of the Dungeon.
             The game lasted 00:03:18 (4428 turns).

ytrimaz the Insei (Octopode Transmuter)             Turns: 4428, Time: 00:03:19

Health: -1/38      AC:  1    Str:  9    XL:     6   Next: 87%
Magic:  10/10      EV: 13    Int: 23    God:
Gold:   322        SH:  5    Dex: 13    Spells: 1/11 levels left

rFire   . . .      SeeInvis .      - Unarmed
rCold   . . .      Faith    .    (no shield)
rNeg    . . .      Spirit   .    (helmet restricted)
rPois   .          Reflect  +    g - amulet of reflection
rElec   .          Harm     .    l - +6 ring of intelligence
rCorr   .          Rampage  .    (no ring)
Will    .....                    (no ring)
Stlth   ++........               (no ring)
HPRegen 0.12/turn                (no ring)
MPRegen 0.12/turn                (no ring)
                                 (no ring)
                                 (no ring)

@: no status effects
A: almost no armour, amphibious, 8 rings, camouflage 1, gelatinous body 1,
(nimble swimmer 1), tentacles
a: no special abilities


You were on level 4 of the Dungeon.
You visited 1 branch of the dungeon, and saw 4 of its levels.

You collected 322 gold pieces.

Inventory:

Missiles
 m - a throwing net
Jewellery
 g - an amulet of reflection (around mantle)
 l - a +6 ring of intelligence (left tentacle)
Wands
 j - a wand of flame (8)
 n - a wand of paralysis (7)
Scrolls
 a - 2 scrolls of teleportation
Potions
 b - 2 potions of curing
 c - a potion of heal wounds {unknown}
 e - 2 potions of cancellation {unknown}
 f - a potion of mutation {unknown}
 h - a potion of degeneration {unknown}
 i - 3 potions of brilliance {unknown}
 o - 2 potions of might {unknown}


   Skills:
 - Level 1.0 Fighting
 - Level 2.0 Dodging
 - Level 4.3 Unarmed Combat
 + Level 3.1 Spellcasting
 + Level 3.3 Transmutations
 * Level 2.5 Ice Magic
 - Level 4.0 Poison Magic


You had one spell level left.
You knew the following spells:

 Your Spells              Type           Power      Damage    Failure   Level
a - Beastly Appendage     Tmut           38%        N/A       3%          1
b - Wereblood             Tmut           19%        N/A       4%          2
c - Spider Form           Tmut/Pois      20%        N/A       8%          3
d - Ice Form              Ice/Tmut       17%        N/A       34%         4

Your spell library contained the following spells:

 Spells                   Type           Power      Damage    Failure   Level
 Gell's Gravitas          Tloc           3%         N/A       34%         3
 Lesser Beckoning         Tloc           3%         N/A       34%         3
 Teleport Other           Tloc           3%         N/A       34%         3


Dungeon Overview and Level Annotations

Branches:
Dungeon (4/15)
 Temple: D:4-7

Altars:
Vehumet


Innate Abilities, Weirdness & Mutations

You cannot wear most types of armour.
You are amphibious.
You can wear up to eight rings at the same time.
Your skin changes colour to match your surroundings (Stealth+).
Your rubbery body absorbs attacks. (AC +1, EV +1)
((You are camouflaged when in or above water. (Stealth+)))
You have tentacles for arms and can constrict up to eight enemies at once.


Message History

The orc shouts!
You hear a shout!
You hit the orc.
The orc is poisoned.
The orc is lightly wounded.
The orc closely misses you. The orc misses you.
You barely miss the orc. The orc closely misses you.
You barely miss the orc. The orc closely misses you.
You bite the orc!
You kill the orc!
You hit the orc.
You kill the orc!
Your transformation has ended.
The orc priest invokes the aid of Beogh against you.
Beogh smites you!
You hear a shout!
Things that are here:
a +1 vorpal hand axe; a +0 club You tentacle-slap the orc priest.
You grab the orc priest. You tentacle-slap the orc priest.
The orc priest is heavily wounded.
You constrict the orc priest. You block the orc priest's attack.
You release your grip on the orc priest.
A kobold comes into view.
It is wielding a +0 short sword and quivering poisoned darts.
The orc priest looks braver for a moment.
You barely miss the orc priest. Your grab misses the orc priest.
Your squeeze misses the orc priest.
The orc priest is heavily wounded.
You closely miss the orc priest. You grab the orc priest.
The orc priest is heavily wounded.
You constrict the orc priest. You block the kobold's attack.
The orc priest hits you with a +0 flail.
The orc hits you with a +0 club.
You are too injured to fight recklessly!
Unknown command.
You tentacle-slap the orc priest.
The orc priest is severely wounded.
You constrict the orc priest.
The kobold hits you with a +0 short sword.
The orc priest invokes the aid of Beogh against you.
Beogh smites you!
You die...

...........+ .o.
####.##.#### ...
............ .>#
#######.#### #.#
#.# #.# #.# #.#
#.# #.# # #.#
####o####### .#
#..o@K...... #.#
.......##.#.#####
..# ......# #.#.#
..#### .####.# #.#
# ...... ####.#
#.# #########....#
#.#
<.........)#####.#
###.........)....#
...#.##...########


You could see an orc priest, an orc and a kobold.

Vanquished Creatures
  Sigmund (D:4)
  A phantom (D:4)
  A jelly (D:4)
  3 gnolls (D:3)
  3 adders
  A worm (D:2)
  2 dart slugs
  3 orcs (D:4)
  7 ball pythons
  4 bats (D:1)
  3 bat skeletons (D:2)
  7 endoplasms
  2 giant cockroaches
  4 goblins
  7 hobgoblins
  5 jackals
  5 kobolds
  2 quokkas (D:1)
  4 ball python skeletons (D:2)
  4 frilled lizards
  A giant cockroach zombie (D:2)
  3 quokka skeletons (D:2)
  2 rats
75 creatures vanquished.

Vanquished Creatures (others)
  A withered plant (D:2)
1 creature vanquished.

Grand Total: 76 creatures vanquished

Notes
Turn   | Place    | Note
-------+----------+-------------------------------------------
     0 | D:1      | ytrimaz the Octopode Transmuter began the quest for the
                  | Orb.
     0 | D:1      | Reached XP level 1. HP: 13/13 MP: 3/3
   274 | D:1      | Reached XP level 2. HP: 13/18 MP: 3/5
  1323 | D:1      | Reached XP level 3. HP: 18/23 MP: 6/6
  2152 | D:2      | Learned a level 2 spell: Wereblood
  2157 | D:2      | Learned a level 3 spell: Spider Form
  2485 | D:2      | Reached skill level 1 in Poison Magic
  2597 | D:2      | Reached XP level 4. HP: 6/28 MP: 7/7
  3368 | D:3      | Reached XP level 5. HP: 18/33 MP: 5/8
  3873 | D:4      | Found a radiant altar of Vehumet.
  4093 | D:4      | Noticed a phantom
  4115 | D:4      | Killed a phantom
  4116 | D:4      | Reached XP level 6. HP: 29/38 MP: 6/10
  4308 | D:4      | Learned a level 4 spell: Ice Form
  4358 | D:4      | Noticed Sigmund
  4369 | D:4      | Killed Sigmund
  4428 | D:4      | Killed from afar by an orc priest

Illustrated notes

Levels and vault maps discovered:
D:1:      kilobyte_arrival_exit_the_forest, layout_basic
D:2:      layout_rooms, serial_undead, serial_undead_f, serial_undead_d,
          serial_undead_c, serial_undead_c, minmay_pentomino_r4
D:3:      layout_rooms
D:4:      layout_basic, nicolae_vehumet_radiance, uniq_sigmund

Skill      XL: |  1  2  3  4  5  6 |
---------------+-------------------+-----
Unarmed Combat | 4 |  4.3
Poison Magic   | 1 2 3 4 |  4.0
Transmutations | 3 |  3.3
Spellcasting   | 3 |  3.1
Ice Magic      | 2 |  2.5
Fighting       | |  1.0
Dodging        | |  2.0

Action                   |  1- 3 |  4- 6 || total
-------------------------+-------+-------++-------
Melee: Unarmed           |   105 |    89 ||   194
       Tentacles         |    26 |     5 ||    31
       Constrict         |    34 |    13 ||    47
       Kick              |    16 |    10 ||    26
       Punch             |     1 |     3 ||     4
 Cast: Beastly Appendage |    16 |    11 ||    27
       Spider Form       |       |     6 ||     6
  Use: Scroll            |     5 |     3 ||     8
       Potion            |     1 |     1 ||     2
 Stab: Sleeping          |     6 |     3 ||     9
Armor: Skin              |    24 |     2 ||    26
Dodge: Dodged            |   116 |    50 ||   166
Block: Other             |    15 |    18 ||    33

Table legend: (Time is in decaauts)
 A = Elapsed time spent in this place.
 B = Non-inter-level travel time spent in this place.
 C = Inter-level travel time spent in this place.
 D = Time resting spent in this place.
 E = Time spent auto-exploring this place.
 F = Levels seen in this place.
 G = Mean time per level.
                   A        B        C        D        E       F      G
               +--------+--------+--------+--------+--------+-----+--------+
         Total |   4423 |   4380 |     43 |    203 |   3597 |   4 | 1105.8 |
       Dungeon |   4423 |   4380 |     43 |    203 |   3597 |   4 | 1105.8 |
               +--------+--------+--------+--------+--------+-----+--------+

Top non-repeatable levels by time:
     D:1: 2137 daAuts
     D:2: 1118 daAuts
     D:3: 598 daAuts
     D:4: 569 daAuts
